 Dungeon Sprint DCSS version 0.27-a0-592-g0306a34022 (webtiles) character file.

Game seed: 5071336329372407370

42727 rocky1 the Wrestler (level 13, -4/219 HPs)
             Began as a Troll Monk on Mar 11, 2021.
             Was the Champion of Jiyva.
             Slain by a red devil
             ... wielding a +0 trident
              (5 damage)
             ... in the Dungeon (Sprint VII: "The Pits").
             The game lasted 00:25:15 (2264 turns).

rocky1 the Wrestler (Troll Monk)                    Turns: 2264, Time: 00:25:16

Health: -4/219     AC: 11    Str: 20    XL:     13   Next: 87%
Magic:  14/14      EV: 19    Int:  9    God:    Jiyva [******]
Gold:   30         SH:  0    Dex: 21    Spells: 12/12 levels left

rFire    . . .     SeeInvis .     - Unarmed
rCold    . . .     Faith    .   (no shield)
rNeg     . . .     Spirit   .   k - +0 troll leather armour
rPois    .         Reflect  .   B - +0 hat "Galy" {Dex+3}
rElec    +         Harm     .   (no cloak)
rCorr    +         Rampage  .   (gloves unavailable)
Will     +....     NoTele   +   (boots unavailable)
Stlth    ..........             t - amulet of magic regeneration
HPRegen  2.46/turn              l - +3 ring of protection
MPRegen  0.39/turn              m - +3 ring of dexterity

@: berserking (expiring), lethally poisoned (-4 -> -4), constricted, very quick
A: large, unfitting armour, antennae 1, claws 3, fangs 1, hooves 2, high mp 2,
strong-willed 1, sense surroundings 1, regeneration 1, shaggy fur 2, electricity
resistance, tough skin 1, wild magic 1, gelatinous body 2, pseudopods 1, jelly
absorbing missiles, sturdy frame 2
a: Renounce Religion, Request Jelly, Slimify, Cure Bad Mutation


You were in the Dungeon.
You worshipped Jiyva.
Jiyva was exalted by your worship.
You visited 1 branch You collected 30 gold pieces.

Inventory:

Hand Weapons
 g - a +0 giant spiked club
 z - the +4 hand crossbow of Ajeci {penet, rF+ Str+2 Dex+2}
   (You found it in the Dungeon)

   Ammo fired by it passes through the targets it hits, potentially hitting all
   targets in its path until it reaches maximum range.
   It affects your strength (+2).
   It affects your dexterity (+2).
   It protects you from fire.
Missiles
 o - 2 large rocks (quivered)
 v - 18 poisoned darts
Armour
 a - a +0 robe
 d - a +0 cloak of stealth
 k - a +0 troll leather armour (worn)
 B - the +0 hat "Galy" (worn) {Dex+3}
   (You found it in the Dungeon)

   It affects your dexterity (+3).
Jewellery
 l - a +3 ring of protection (right claw)
 m - a +3 ring of dexterity (left claw)
 t - an amulet of magic regeneration (around neck)
 w - a ring of willpower
 y - a ring of willpower
Wands
 n - a wand of iceblast (7)
 A - a wand of flame (21)
Scrolls
 i - 5 scrolls of amnesia
 j - a scroll of summoning
 p - a scroll of fear
 q - 4 scrolls of identify
 r - 4 scrolls of enchant weapon
 s - a scroll of magic mapping
 u - a scroll of enchant armour
Potions
 b - 9 potions of curing
 c - a potion of heal wounds
 e - 4 potions of magic
 h - 4 potions of invisibility
 x - 3 potions of brilliance


   Skills:
 - Level 14.0 Fighting
 + Level 13.5 Throwing
 - Level 9.7 Armour
 - Level 14.0 Dodging
 - Level 5.0 Stealth
 + Level 21.3 Unarmed Combat
 - Level 4.6 Evocations


You had 12 spell levels left.
You didn't know any spells.
Your spell library was empty.

Dungeon Overview and Level Annotations

Branches:
Dungeon (1/1)

Altars:
Ashenzari
Cheibriados
Dithmenos
Elyvilon
Fedhas
Gozag
Hepliaklqana
Kikubaaqudgha
Makhleb
Nemelex Xobeh
Okawaru
Qazlal
Ru
Sif Muna
Trog
Uskayaw
Vehumet
Wu Jian
Xom
Yredelemnul
Zin
The Shining One
Beogh
Jiyva
Lugonu


Innate Abilities, Weirdness & Mutations

You are too large for most types of armour.
You have claws for hands.
Your natural rate of healing is unusually fast.
You are covered in thick fur. (AC +2)
You have tough skin. (AC +1)
You have a pair of small antennae on your head.
You have very sharp teeth.
You have hoof-like feet.
You have a considerably increased reservoir of magic. (+20% MP)
You are strong-willed. (Will+)
You passively map a small area around you.
You are resistant to electric shocks. (rElec)
Your spells are a little harder to cast, but a little more powerful.
Your pliable body absorbs attacks. (AC +2, EV +2)
Armour fits poorly on your pseudopods.
You have a small jelly attached to you that may absorb incoming projectiles.
Your movements are less encumbered by armour. (ER -4)


Message History

You kick the vault guard, but do no damage.
Your bite misses the vault guard.
You feel sick. The naga warrior spits poison at you.
The splash of poison misses you.
Unknown command.
You scratch the vault guard but do no damage.
You kick the vault guard. You bludgeon the vault guard!
The vault guard is lightly wounded.
The red devil barely misses you.
You barely miss the vault guard. You kick the vault guard.
You bite the vault guard.
The vault guard is moderately wounded.
The vault guard completely misses you.
The vault guard blocks your attack. x2; You bite the vault guard!
The vault guard is moderately wounded.
The naga warrior barely misses you. The naga warrior misses you.
You completely miss the vault guard. The vault guard blocks your attack.
You claw the vault guard!
The vault guard is heavily wounded.
The red devil closely misses you.
You barely miss the vault guard.
You kick the vault guard, but do no damage.
You bite the vault guard. You bludgeon the vault guard!
The vault guard is severely wounded.
You feel sick.
The vault guard hits you but does no damage.
You barely miss the vault guard. You kick the vault guard!
You bite the vault guard.
The vault guard is almost dead.
The naga warrior hits you with a +1 vorpal battleaxe!
* * * LOW HITPOINT WARNING * * *
x2 The naga warrior grabs you.
* * * LOW HITPOINT WARNING * * *
The naga warrior constricts you.
Unknown command.
Unknown command.
You claw the vault guard!
You kill the vault guard!
The red devil hits you from afar with a +0 trident.
You die...

............................#
................)...........#
##########''##############..#
...'))#........#∆∆+ ..+, #†)#
J..#{)#........#∆∆ ...# #..#
...#######..#######...## #..#
......#........#........ #..#
..J......J......)N...... #..#
......#........#@)4..... #..#
##'##.####..####)##+###+ #..#
∆#..#.#((####∆∆#.# , , #..#
)#J.#.'((# ∆∆+)#, #..#
########## * ### #++# #######
** * ** * ...'..## , ,,,
..##.(.#* , , , , * ...##.[#
* + , * *


You could see a naga warrior (catching breath), a red devil and a neutral acid
blob (wandering) (fellow slime).

Vanquished Creatures
  A death cob (D)
  2 orc warlords (D)
  A stone giant (D)
  A deep elf demonologist (D)
  A yellow draconian (D)
  A boulder beetle (D)
  An ogre mage (D)
  Erolcha (D)
  A hell beast (D)
  2 naga warriors (D)
  4 vault guards (D)
  An anaconda (D)
  A catoblepas (D)
  A death knight (D)
  5 two-headed ogres (D)
  An alligator (D)
  A sun demon (D)
  A spriggan (D)
  A sixfirhy (D)
  A shadow wraith (D)
  2 sea snakes (D)
  An unseen horror (shapeshifter) (D)
  A deep troll (D)
  A swamp dragon (D)
  A skeletal warrior (D)
  A spriggan druid (D)
  A phantasmal warrior (D)
  A bog body (D)
  A naga ritualist (D)
  Pikel (D)
  A large abomination (D)
  A deep elf pyromancer (D)
  12 orc knights (D)
  A wolf spider (D)
  2 cyclopes (D)
  An orange demon (D)
  5 elephants (D)
  Maurice (D)
  A gargoyle (D)
  A kobold demonologist (D)
  A hellwing (D)
  2 hornets (D)
  2 polar bears (D)
  A tyrant leech (D)
  2 wandering mushrooms (D)
  2 redbacks (D)
  A shadow (D)
  A fire elemental (D)
  4 yaks (D)
  2 wyverns (D)
  2 fire bats (D)
  2 vampire mosquitoes (D)
  2 neqoxecs (D)
  Grum (D)
  A warg (D)
  A naga (D)
  A soldier ant (D)
  4 hell hounds (D)
  An ogre (D)
  A necrophage (D)
  9 wolves (D)
  2 lemures (D)
  2 phantoms (D)
  2 earth elementals (D)
  A small abomination (D)
  A scorpion (D)
  8 wights (D)
  2 quasits (D)
  4 orc priests (D)
  A hound (D)
  An iguana (D)
  A hell rat (D)
  2 orc wizards (D)
  A mummy (D)
  An adder (D)
  An adder zombie (D)
  An adder skeleton (D)
  16 orcs (D)
  A bat (D)
  2 giant cockroaches (D)
  A ball python (D)
  A rat (D)
161 creatures vanquished.

Vanquished Creatures (others)
  Dissolution (D)
  3 acid blobs (D)
  An azure jelly (D)
  A death ooze (D)
  A yaktaur captain (D)
  A hell knight (D)
  A sun demon (D)
  A deep elf knight (D)
  An eye of devastation (shapeshifter) (D)
  A floating eye (D)
  A golden eye (D)
  An eye of draining (D)
  18 jellies (D)
  2 oozes (D)
  A giant cockroach (D)
35 creatures vanquished.

Grand Total: 196 creatures vanquished

Notes
Turn   | Place    | Note
-------+----------+-------------------------------------------
     0 | D        | rocky1 the Troll Monk began the quest for the Orb.
     0 | D        | Reached XP level 1. HP: 22/22 MP: 0/0
    23 | D        | Found a bloodstained altar of Trog.
    23 | D        | Found a shimmering blue altar of Sif Muna.
    23 | D        | Found a viscous altar of Jiyva.
    23 | D        | Found a hazy altar of Hepliaklqana.
    23 | D        | Found an opulent altar of Gozag.
    24 | D        | Found a glowing golden altar of the Shining One.
    24 | D        | Found a glowing silver altar of Zin.
    24 | D        | Found a basalt altar of Yredelemnul.
    24 | D        | Found a shimmering altar of Xom.
    24 | D        | Found an ornate altar of the Wu Jian Council.
    24 | D        | Found a sacrificial altar of Ru.
    24 | D        | Found a stormy altar of Qazlal.
    24 | D        | Found an iron altar of Okawaru.
    24 | D        | Found a sparkling altar of Nemelex Xobeh.
    24 | D        | Found a burning altar of Makhleb.
    24 | D        | Found a blossoming altar of Fedhas.
    24 | D        | Found a white marble altar of Elyvilon.
    24 | D        | Found a shadowy altar of Dithmenos.
    24 | D        | Found a snail-covered altar of Cheibriados.
    28 | D        | Found a corrupted altar of Lugonu.
    28 | D        | Found a radiant altar of Vehumet.
    29 | D        | Became a worshipper of Jiyva Jouceshr the Shapeless
    29 | D        | Reached * piety under Jiyva
    29 | D        | Reached ** piety under Jiyva
    30 | D        | Killed a hell knight
    31 | D        | Reached *** piety under Jiyva
    31 | D        | Gained mutation: You are agile. (Dex +2) [Jiyva's grace]
    31 | D        | Reached **** piety under Jiyva
    32 | D        | Killed a death ooze
    35 | D        | Killed an acid blob
    36 | D        | Killed Dissolution
    40 | D        | Killed an acid blob
    41 | D        | Killed a golden eye
    43 | D        | Killed an azure jelly
    72 | D        | Killed a sun demon
    73 | D        | Found a hide-covered altar of Uskayaw.
    73 | D        | Found an ancient bone altar of Kikubaaqudgha.
    73 | D        | Found a broken altar of Ashenzari.
    75 | D        | Killed an acid blob
   105 | D        | Noticed a floating eye
   105 | D        | Gained mutation: Your mind is acute. (Int +2) [Jiyva's
                  | grace]
   105 | D        | Reached ***** piety under Jiyva
   106 | D        | Gained mutation: Armour fits poorly on your pseudopods.
                  | [Jiyva's grace]
   108 | D        | Gained mutation: You are very agile. (Dex +4) [Jiyva's
                  | grace]
   108 | D        | Reached ****** piety under Jiyva
   108 | D        | Gained mutation: You have a pair of small antennae on your
                  | head. [Jiyva's grace]
   110 | D        | Reached skill level 4 in Unarmed Combat
   110 | D        | Reached XP level 2. HP: 31/31 MP: 1/1
   110 | D        | Gained mutation: Armour fits poorly on your strangely
                  | shaped body. [Jiyva's grace]
   110 | D        | Gained mutation: Your translucent skin slightly reduces
                  | your foes' accuracy. (Stealth) [Jiyva's grace]
   116 | D        | Gained mutation: You are covered in slimy tendrils that may
                  | disarm your opponents. [Jiyva's grace]
   154 | D        | Gained mutation: Your flesh is heat resistant. (rF+)
                  | [Jiyva's grace]
   155 | D        | Gained mutation: Your rubbery body absorbs attacks. (AC +1,
                  | EV +1) [Jiyva's grace]
   156 | D        | Gained mutation: You are partially covered in icy blue
                  | scales. (AC +2) [Jiyva's grace]
   158 | D        | Lost mutation: Your flesh is heat resistant. (rF+) [Jiyva's
                  | grace]
   159 | D        | Lost mutation: Your mind is acute. (Int +2) [Jiyva's grace]
   161 | D        | Gained mutation: You have an increased reservoir of magic.
                  | (+10% MP) [Jiyva's grace]
   166 | D        | Gained mutation: You have a small jelly attached to you
                  | that may absorb incoming projectiles. [Jiyva's grace]
   188 | D        | Noticed a wight
   188 | D        | Noticed a wight
   188 | D        | Noticed a wight
   197 | D        | Noticed a wight
   199 | D        | Reached skill level 5 in Unarmed Combat
   199 | D        | Reached XP level 3. HP: 38/39 MP: 2/2
   202 | D        | Reached skill level 6 in Unarmed Combat
   202 | D        | Reached XP level 4. HP: 48/48 MP: 3/3
   204 | D        | Reached skill level 7 in Unarmed Combat
   208 | D        | Reached skill level 8 in Unarmed Combat
   208 | D        | Reached XP level 5. HP: 48/55 MP: 4/4
   209 | D        | Reached skill level 5 in Fighting
   209 | D        | Reached skill level 5 in Dodging
   221 | D        | Reached skill level 9 in Unarmed Combat
   223 | D        | Reached XP level 6. HP: 27/67 MP: 5/5
   232 | D        | Reached skill level 10 in Unarmed Combat
   286 | D        | Lost mutation: Armour fits poorly on your pseudopods.
                  | [Jiyva's grace]
   287 | D        | Lost mutation: You are very agile. (Dex +4) [Jiyva's grace]
   287 | D        | Gained mutation: Your translucent skin reduces your foes'
                  | accuracy. (Stealth) [Jiyva's grace]
   287 | D        | Lost mutation: Armour fits poorly on your strangely shaped
                  | body. [Jiyva's grace]
   289 | D        | Lost mutation: You are covered in slimy tendrils that may
                  | disarm your opponents. [Jiyva's grace]
   291 | D        | Reached skill level 11 in Unarmed Combat
   291 | D        | Reached XP level 7. HP: 76/76 MP: 6/6
   291 | D        | Gained mutation: You expend magic power (3 MP) to
                  | strengthen your wands. [Jiyva's grace]
   291 | D        | Gained mutation: Your mind is acute. (Int +2) [Jiyva's
                  | grace]
   291 | D        | Gained mutation: Armour fits poorly on your pseudopods.
                  | [Jiyva's grace]
   292 | D        | Gained mutation: You are covered in slimy tendrils that may
                  | disarm your opponents. [Jiyva's grace]
   293 | D        | Gained mutation: Your movements are slightly less
                  | encumbered by armour. (ER -2) [Jiyva's grace]
   293 | D        | Gained mutation: Armour fits poorly on your large
                  | pseudopods. [Jiyva's grace]
   293 | D        | Lost mutation: You have a pair of small antennae on your
                  | head. [Jiyva's grace]
   296 | D        | Gained mutation: You have acidic saliva. [Jiyva's grace]
   297 | D        | Lost mutation: Armour fits poorly on your large pseudopods.
                  | [Jiyva's grace]
   297 | D        | Gained mutation: You are partially covered in yellow
                  | scales. (AC +2) [Jiyva's grace]
   297 | D        | Gained mutation: Your transparent skin significantly
                  | reduces your foes' accuracy. (Stealth) [Jiyva's grace]
   302 | D        | Noticed a fire bat
   308 | D        | Killed a fire bat
   331 | D        | Noticed a death knight
   331 | D        | Noticed a kobold demonologist
   334 | D        | Lost mutation: Your mind is acute. (Int +2) [Jiyva's grace]
   350 | D        | Killed a death knight
   351 | D        | Reached skill level 13 in Unarmed Combat
   351 | D        | Reached XP level 8. HP: 38/88 MP: 7/7
   353 | D        | Killed a kobold demonologist
   360 | D        | Gained mutation: Your body has grown golden eyes which may
                  | confuse attackers. (Acc +3) [Jiyva's grace]
   360 | D        | Lost mutation: You expend magic power (3 MP) to strengthen
                  | your wands. [Jiyva's grace]
   360 | D        | Gained mutation: Your pliable body absorbs attacks. (AC +2,
                  | EV +2) [Jiyva's grace]
   365 | D        | Gained mutation: Your flesh is heat resistant. (rF+)
                  | [Jiyva's grace]
   367 | D        | Gained mutation: Your muscles are strong. (Str +2) [Jiyva's
                  | grace]
   367 | D        | Lost mutation: Your muscles are strong. (Str +2) [Jiyva's
                  | grace]
   368 | D        | Lost mutation: You are agile. (Dex +2) [Jiyva's grace]
   368 | D        | Gained mutation: Your gelatinous body deflects attacks. (AC
                  | +3, EV +3) [Jiyva's grace]
   369 | D        | Gained mutation: You have supernaturally acute eyesight.
                  | (SInv) [Jiyva's grace]
   369 | D        | Lost mutation: You have an increased reservoir of magic.
                  | (+10% MP) [Jiyva's grace]
   369 | D        | Lost mutation: You have a small jelly attached to you that
                  | may absorb incoming projectiles. [Jiyva's grace]
   370 | D        | Lost mutation: Your flesh is heat resistant. (rF+) [Jiyva's
                  | grace]
   370 | D        | Gained mutation: You have large cloven feet. [Jiyva's
                  | grace]
   371 | D        | Gained mutation: Your muscles are strong. (Str +2) [Jiyva's
                  | grace]
   426 | D        | Killed an eye of devastation
   440 | D        | Noticed Pikel
   441 | D        | Noticed a polar bear
   448 | D        | Killed a polar bear
   453 | D        | Killed Pikel
   454 | D        | Reached skill level 14 in Unarmed Combat
   454 | D        | Reached XP level 9. HP: 95/98 MP: 8/8
   454 | D        | Noticed Maurice
   456 | D        | Noticed a naga ritualist
   457 | D        | Noticed a deep troll
   457 | D        | Noticed a naga warrior
   457 | D        | Noticed a deep elf pyromancer
   457 | D        | Noticed Grum
   458 | D        | Lost mutation: Your transparent skin significantly reduces
                  | your foes' accuracy. (Stealth) [Jiyva's grace]
   459 | D        | Killed Maurice
   460 | D        | Gained mutation: You have hoof-like feet. [Jiyva's grace]
   464 | D        | Reached skill level 15 in Unarmed Combat
   472 | D        | Killed a deep troll
   603 | D        | Killed a naga ritualist
   604 | D        | Reached skill level 10 in Fighting
   604 | D        | Reached skill level 10 in Dodging
   606 | D        | Lost mutation: You are covered in slimy tendrils that may
                  | disarm your opponents. [Jiyva's grace]
   606 | D        | Gained mutation: You are somewhat resistant to further
                  | mutation. [Jiyva's grace]
   610 | D        | Lost mutation: Your body has grown golden eyes which may
                  | confuse attackers. (Acc +3) [Jiyva's grace]
   612 | D        | Killed a naga warrior
   613 | D        | Reached skill level 16 in Unarmed Combat
   613 | D        | Reached XP level 10. HP: 51/111 MP: 9/9
   615 | D        | Gained mutation: You have hooves in place of feet. [Jiyva's
                  | grace]
   616 | D        | Killed a deep elf pyromancer
   620 | D        | Lost mutation: Your muscles are strong. (Str +2) [Jiyva's
                  | grace]
   620 | D        | Lost mutation: You have hooves in place of feet. [Jiyva's
                  | grace]
   732 | D        | Killed Grum
   778 | D        | Noticed a bog body
   780 | D        | Noticed a cyclops
   786 | D        | Reached skill level 1 in Armour
   788 | D        | Killed a bog body
   792 | D        | Noticed a phantasmal warrior
   798 | D        | Reached skill level 17 in Unarmed Combat
   811 | D        | Killed a phantasmal warrior
   818 | D        | Killed a cyclops
   827 | D        | Noticed a shadow wraith
   830 | D        | Noticed a boulder beetle
   838 | D        | Killed a shadow wraith
   839 | D        | Reached skill level 1 in Throwing
   839 | D        | Reached XP level 11. HP: 110/120 MP: 10/10
   853 | D        | Killed a boulder beetle
   854 | D        | Reached skill level 1 in Evocations
   876 | D        | Noticed a two-headed ogre
   885 | D        | Killed a two-headed ogre
   885 | D        | Noticed a sun demon
   896 | D        | Killed a sun demon
   934 | D        | Reached skill level 5 in Armour
   989 | D        | Gained mutation: You are somewhat resistant to both further
                  | mutation and mutation removal. [Jiyva's grace]
   992 | D        | Lost mutation: You are somewhat resistant to both further
                  | mutation and mutation removal. [Jiyva's grace]
   997 | D        | Noticed a sea snake
   998 | D        | Noticed a vampire mage
   998 | D        | Gained mutation: You have a pair of small horns on your
                  | head. [Jiyva's grace]
   998 | D        | Lost mutation: You are somewhat resistant to further
                  | mutation. [Jiyva's grace]
   998 | D        | Gained mutation: You evolve. [Jiyva's grace]
  1001 | D        | Slimified a vampire mage
  1001 | D        | Noticed a death ooze
  1001 | D        | a vampire mage changed into a death ooze
  1006 | D        | Killed a sea snake
  1007 | D        | Gained mutation: You are covered in slimy tendrils that may
                  | disarm your opponents. [Jiyva's grace]
  1008 | D        | Lost mutation: You have acidic saliva. [Jiyva's grace]
  1011 | D        | Lost mutation: You have a pair of small horns on your head.
                  | [Jiyva's grace]
  1019 | D        | Noticed a vampire mage
  1019 | D        | Gained mutation: You have a pair of small horns on your
                  | head. [Jiyva's grace]
  1026 | D        | Noticed a jiangshi
  1032 | D        | Slimified a vampire mage
  1032 | D        | Noticed a death ooze
  1032 | D        | a vampire mage changed into a death ooze
  1035 | D        | Gained mutation: You have hooves in place of feet. [Jiyva's
                  | grace]
  1122 | D        | Lost mutation: You are covered in slimy tendrils that may
                  | disarm your opponents. [Jiyva's grace]
  1168 | D        | Lost mutation: Your gelatinous body deflects attacks. (AC
                  | +3, EV +3) [potion of mutation]
  1168 | D        | Lost mutation: You are partially covered in icy blue
                  | scales. (AC +2) [potion of mutation]
  1168 | D        | Gained mutation: You are robust. (+10% HP) [potion of
                  | mutation]
  1168 | D        | Gained mutation: You are covered in thick fur. (AC +2)
                  | [potion of mutation]
  1169 | D        | Lost mutation: Your translucent skin reduces your foes'
                  | accuracy. (Stealth) [potion of mutation]
  1169 | D        | Lost mutation: Your translucent skin slightly reduces your
                  | foes' accuracy. (Stealth) [potion of mutation]
  1169 | D        | Gained mutation: Your movements are less encumbered by
                  | armour. (ER -4) [potion of mutation]
  1169 | D        | Lost mutation: You have a pair of small horns on your head.
                  | [potion of mutation]
  1169 | D        | Gained mutation: You possess an exceptional clarity of
                  | mind. [potion of mutation]
  1170 | D        | Lost mutation: Your pliable body absorbs attacks. (AC +2,
                  | EV +2) [potion of mutation]
  1170 | D        | Lost mutation: Your rubbery body absorbs attacks. (AC +1,
                  | EV +1) [potion of mutation]
  1170 | D        | Lost mutation: You have hooves in place of feet. [potion of
                  | mutation]
  1170 | D        | Lost mutation: You have supernaturally acute eyesight.
                  | (SInv) [potion of mutation]
  1170 | D        | Gained mutation: You have supernaturally acute eyesight.
                  | (SInv) [potion of mutation]
  1170 | D        | Gained mutation: Your flesh is heat resistant. (rF+)
                  | [potion of mutation]
  1187 | D        | Lost mutation: Your flesh is heat resistant. (rF+) [Jiyva's
                  | grace]
  1187 | D        | Lost mutation: You possess an exceptional clarity of mind.
                  | [Jiyva's grace]
  1189 | D        | Lost mutation: You have supernaturally acute eyesight.
                  | (SInv) [Jiyva's grace]
  1191 | D        | Gained mutation: You are dopey. (Int -2) [Jiyva's grace]
  1199 | D        | Gained mutation: Your flesh is heat resistant. (rF+)
                  | [Jiyva's grace]
  1199 | D        | Gained mutation: You occasionally shout uncontrollably at
                  | your foes. [Jiyva's grace]
  1203 | D        | Gained mutation: Your body has grown golden eyes which may
                  | confuse attackers. (Acc +3) [Jiyva's grace]
  1205 | D        | Gained mutation: Your rubbery body absorbs attacks. (AC +1,
                  | EV +1) [Jiyva's grace]
  1205 | D        | Gained mutation: You have a pair of small horns on your
                  | head. [Jiyva's grace]
  1207 | D        | Gained mutation: You have supernaturally acute eyesight.
                  | (SInv) [Jiyva's grace]
  1235 | D        | Gained mutation: Your flesh is cold resistant. (rC+)
                  | [Jiyva's grace]
  1279 | D        | Reached skill level 5 in Throwing
  1289 | D        | Noticed a sea snake
  1296 | D        | Killed a sea snake
  1302 | D        | Lost mutation: You evolve. [end of evolution]
  1315 | D        | Noticed a wolf spider
  1315 | D        | Noticed Erolcha
  1323 | D        | Killed a wolf spider
  1329 | D        | Killed Erolcha
  1330 | D        | Reached skill level 5 in Stealth
  1330 | D        | Reached skill level 18 in Unarmed Combat
  1330 | D        | Reached XP level 12. HP: 74/146 MP: 11/11
  1418 | D        | Noticed an alligator
  1428 | D        | Killed an alligator
  1449 | D        | Got the +4 hand crossbow of Ajeci {penet, rF+ Str+2 Dex+2}
  1518 | D        | Noticed a two-headed ogre
  1518 | D        | Noticed a deep elf demonologist
  1518 | D        | Noticed an anaconda
  1518 | D        | Noticed a hell beast
  1518 | D        | Noticed a death cob
  1522 | D        | Killed a deep elf demonologist
  1528 | D        | Killed an anaconda
  1535 | D        | Killed a death cob
  1540 | D        | Noticed a catoblepas
  1543 | D        | Killed a catoblepas
  1547 | D        | Noticed an ogre mage
  1549 | D        | Noticed a two-headed ogre
  1550 | D        | Killed a two-headed ogre
  1603 | D        | Lost mutation: You occasionally shout uncontrollably at
                  | your foes. [Jiyva's power]
  1604 | D        | Lost mutation: You are dopey. (Int -2) [Jiyva's power]
  1606 | D        | Killed a two-headed ogre
  1614 | D        | Killed a hell beast
  1639 | D        | Noticed a two-headed ogre
  1648 | D        | Killed a two-headed ogre
  1649 | D        | Reached skill level 19 in Unarmed Combat
  1657 | D        | Reached XP level 13. HP: 135/158 MP: 12/12
  1663 | D        | Lost mutation: You are partially covered in yellow scales.
                  | (AC +2) [Jiyva's grace]
  1663 | D        | Lost mutation: Armour fits poorly on your pseudopods.
                  | [Jiyva's grace]
  1685 | D        | Lost mutation: You are robust. (+10% HP) [Jiyva's grace]
  1687 | D        | Lost mutation: Your flesh is heat resistant. (rF+) [Jiyva's
                  | grace]
  1691 | D        | Identified the +1 chain mail "Iqa Adaa" {rF- Str+7}
  1694 | D        | Gained mutation: Your flesh is very cold resistant. (rC++)
                  | [Jiyva's grace]
  1694 | D        | Gained mutation: Your translucent skin slightly reduces
                  | your foes' accuracy. (Stealth) [Jiyva's grace]
  1697 | D        | Gained mutation: You possess an exceptional clarity of
                  | mind. [Jiyva's grace]
  1697 | D        | Gained mutation: You are partially covered in slimy green
                  | scales. (AC +2) [Jiyva's grace]
  1699 | D        | Lost mutation: You have hoof-like feet. [Jiyva's grace]
  1700 | D        | Lost mutation: Your rubbery body absorbs attacks. (AC +1,
                  | EV +1) [Jiyva's grace]
  1702 | D        | Gained mutation: You have a pair of horns on your head.
                  | [Jiyva's grace]
  1702 | D        | Gained mutation: Armour fits poorly on your pseudopods.
                  | [Jiyva's grace]
  1704 | D        | Gained mutation: You are resistant to electric shocks.
                  | (rElec) [Jiyva's grace]
  1706 | D        | Gained mutation: Your thick and shaggy fur keeps you warm.
                  | (AC +3, rC+) [Jiyva's grace]
  1708 | D        | Gained mutation: You have hoof-like feet. [Jiyva's grace]
  1709 | D        | Gained mutation: You are agile. (Dex +2) [Jiyva's grace]
  1710 | D        | Gained mutation: You are covered in slimy tendrils that may
                  | disarm your opponents. [Jiyva's grace]
  1711 | D        | Lost mutation: Your body has grown golden eyes which may
                  | confuse attackers. (Acc +3) [Jiyva's grace]
  1711 | D        | Gained mutation: You passively map a small area around you.
                  | [Jiyva's grace]
  1714 | D        | Gained mutation: You have an increased reservoir of magic.
                  | (+10% MP) [Jiyva's grace]
  1714 | D        | Gained mutation: Armour fits poorly on your large
                  | pseudopods. [Jiyva's grace]
  1715 | D        | Got the +0 hat "Galy" {Dex+3}
  1715 | D        | Lost mutation: You have supernaturally acute eyesight.
                  | (SInv) [Jiyva's grace]
  1716 | D        | Lost mutation: You are resistant to electric shocks.
                  | (rElec) [Jiyva's grace]
  1716 | D        | Lost mutation: You are covered in slimy tendrils that may
                  | disarm your opponents. [Jiyva's grace]
  1731 | D        | Lost mutation: Your translucent skin slightly reduces your
                  | foes' accuracy. (Stealth) [Jiyva's grace]
  1736 | D        | Gained mutation: You have acidic saliva. [Jiyva's grace]
  1792 | D        | Noticed an orc warlord
  1793 | D        | Noticed an orc warlord
  1879 | D        | Lost mutation: Your flesh is very cold resistant. (rC++)
                  | [Jiyva's grace]
  1880 | D        | Reached skill level 10 in Throwing
  1884 | D        | Gained mutation: You have a small jelly attached to you
                  | that may absorb incoming projectiles. [Jiyva's grace]
  1884 | D        | Gained mutation: You are resistant to electric shocks.
                  | (rElec) [Jiyva's grace]
  1889 | D        | Lost mutation: Your flesh is cold resistant. (rC+) [Jiyva's
                  | grace]
  1889 | D        | Gained mutation: You expend magic power (3 MP) to
                  | strengthen your wands. [Jiyva's grace]
  1894 | D        | Lost mutation: Armour fits poorly on your large pseudopods.
                  | [Jiyva's grace]
  1898 | D        | Gained mutation: Armour fits poorly on your large
                  | pseudopods. [Jiyva's grace]
  1902 | D        | Gained mutation: Your translucent skin slightly reduces
                  | your foes' accuracy. (Stealth) [Jiyva's grace]
  1902 | D        | Gained mutation: You have a small jelly attached to you
                  | that senses nearby items. [Jiyva's grace]
  1902 | D        | Lost mutation: You possess an exceptional clarity of mind.
                  | [Jiyva's grace]
  1902 | D        | Gained mutation: You evolve. [Jiyva's grace]
  2025 | D        | Killed an orc warlord
  2029 | D        | Lost mutation: Your translucent skin slightly reduces your
                  | foes' accuracy. (Stealth) [Jiyva's grace]
  2039 | D        | Gained mutation: You are robust. (+10% HP) [Jiyva's grace]
  2039 | D        | Lost mutation: You are agile. (Dex +2) [Jiyva's grace]
  2064 | D        | Reached skill level 20 in Unarmed Combat
  2067 | D        | Gained mutation: You have hooves in place of feet. [Jiyva's
                  | grace]
  2076 | D        | Killed an orc warlord
  2077 | D        | Gained mutation: Your rubbery body absorbs attacks. (AC +1,
                  | EV +1) [Jiyva's grace]
  2091 | D        | Lost mutation: You have a pair of horns on your head.
                  | [Jiyva's grace]
  2103 | D        | Gained mutation: Your spells are a little harder to cast,
                  | but a little more powerful. [Jiyva's grace]
  2103 | D        | Gained mutation: You are agile. (Dex +2) [Jiyva's grace]
  2103 | D        | Lost mutation: You have a pair of small horns on your head.
                  | [Jiyva's grace]
  2118 | D        | Gained mutation: Your pliable body absorbs attacks. (AC +2,
                  | EV +2) [Jiyva's grace]
  2119 | D        | Noticed an emperor scorpion
  2119 | D        | Noticed a yellow draconian
  2123 | D        | Gained mutation: You have a considerably increased
                  | reservoir of magic. (+20% MP) [Jiyva's grace]
  2128 | D        | Slimified an emperor scorpion
  2128 | D        | Noticed an acid blob
  2128 | D        | an emperor scorpion changed into an acid blob
  2129 | D        | Lost mutation: You are robust. (+10% HP) [Jiyva's grace]
  2132 | D        | Gained mutation: Your translucent skin slightly reduces
                  | your foes' accuracy. (Stealth) [Jiyva's grace]
  2132 | D        | Gained mutation: You are strong-willed. (Will+) [Jiyva's
                  | grace]
  2148 | D        | Killed a yellow draconian
  2151 | D        | Lost mutation: Your spells are a little harder to cast, but
                  | a little more powerful. [Jiyva's grace]
  2151 | D        | Lost mutation: Armour fits poorly on your large pseudopods.
                  | [Jiyva's grace]
  2151 | D        | Gained mutation: You have a pair of small antennae on your
                  | head. [Jiyva's grace]
  2159 | D        | Lost mutation: Your pliable body absorbs attacks. (AC +2,
                  | EV +2) [Jiyva's grace]
  2173 | D        | Lost mutation: You are partially covered in slimy green
                  | scales. (AC +2) [Jiyva's grace]
  2175 | D        | Lost mutation: You have hooves in place of feet. [Jiyva's
                  | grace]
  2176 | D        | Lost mutation: You are agile. (Dex +2) [Jiyva's grace]
  2179 | D        | Gained mutation: You have very sharp teeth. [Jiyva's grace]
  2181 | D        | Lost mutation: You have acidic saliva. [Jiyva's grace]
  2181 | D        | Lost mutation: You expend magic power (3 MP) to strengthen
                  | your wands. [Jiyva's grace]
  2181 | D        | Lost mutation: Armour fits poorly on your pseudopods.
                  | [Jiyva's grace]
  2197 | D        | Lost mutation: Your thick and shaggy fur keeps you warm.
                  | (AC +3, rC+) [Jiyva's grace]
  2198 | D        | Lost mutation: Your translucent skin slightly reduces your
                  | foes' accuracy. (Stealth) [Jiyva's grace]
  2199 | D        | Lost mutation: You evolve. [Jiyva's grace]
  2202 | D        | Gained mutation: Your pliable body absorbs attacks. (AC +2,
                  | EV +2) [Jiyva's grace]
  2209 | D        | Lost mutation: You have a small jelly attached to you that
                  | senses nearby items. [Jiyva's grace]
  2211 | D        | Gained mutation: Your spells are a little harder to cast,
                  | but a little more powerful. [Jiyva's grace]
  2213 | D        | Gained mutation: Armour fits poorly on your pseudopods.
                  | [Jiyva's grace]
  2230 | D        | Noticed a stone giant
  2238 | D        | Reached skill level 21 in Unarmed Combat
  2252 | D        | Killed a stone giant
  2263 | D        | HP: 9/219 [naga warrior/+1 vorpal battleaxe (15)]
  2263 | D        | HP: 4/219 [naga warrior/+1 vorpal battleaxe (5)]
  2263 | D        | HP: 1/219 [naga warrior/+1 vorpal battleaxe (3)]
  2264 | D        | Slain by a red devil

Illustrated notes

Levels and vault maps discovered:
D:        pitsprint [storerooms_1, entrance_room_1, metal_vault_3, armoury_2,
          mini_pit_1, grid_room_1, main_hall_1, silver_pit, the_coven_1,
          the_vestibule_1, steel_vault_5, golden_pit, hallway_of_sentries,
          crystal_vault_1, iron_vault_4, final_vault]

Skill      XL: |  1  2  3  4  5  6  7  8  9 10 11 12 13 |
---------------+----------------------------------------+-----
Fighting       | 3 4 5 6 8 9 10 11 12 13 14 | 14.0
Dodging        | 3 4 5 6 8 9 10 11 12 13 14 | 14.0
Unarmed Combat | 4 5 6 8 9 11 13 14 16 17 18 19 21 | 21.3
Armour         | 3 6 9 |  9.7
Stealth        | 3 5 |  5.0
Throwing       | 1 5 9 13 | 13.5
Evocations     | 4 |  4.6

Action                   |  1- 3 |  4- 6 |  7- 9 | 10-12 | 13-15 || total
-------------------------+-------+-------+-------+-------+-------++-------
Melee: Unarmed           |    19 |    40 |    63 |   257 |   143 ||   522
       Punch             |     2 |     5 |     6 |    34 |    21 ||    68
       Pseudopods        |       |     7 |    16 |    68 |    31 ||   122
       Bite              |       |       |     7 |    22 |    28 ||    57
       Kick              |       |       |    16 |   104 |    69 ||   189
       Headbutt          |       |       |       |    35 |    22 ||    57
Throw: Large rock        |       |       |       |     9 |    15 ||    24
Invok: Slimify           |       |       |       |     2 |     1 ||     3
       Cure Bad Mutation |       |       |       |     2 |       ||     2
  Use: Potion            |     1 |     1 |     5 |     8 |     1 ||    16
       Scroll            |       |       |       |     3 |       ||     3
 Stab: Distracted        |       |     1 |       |     3 |       ||     4
       Sleeping          |       |       |     3 |     2 |     1 ||     6
Armor: Robe              |     4 |     3 |    16 |       |       ||    23
       Troll leather arm |       |       |       |    38 |    15 ||    53
       Skin              |       |       |       |     5 |       ||     5
Dodge: Dodged            |    11 |    20 |    53 |   208 |    87 ||   379

Table legend: (Time is in decaauts)
 A = Elapsed time spent in this place.
 B = Non-inter-level travel time spent in this place.
 C = Inter-level travel time spent in this place.
 D = Time resting spent in this place.
 E = Time spent auto-exploring this place.
 F = Levels seen in this place.
 G = Mean time per level.
                   A        B        C        D        E       F      G
               +--------+--------+--------+--------+--------+-----+--------+
         Total |   2141 |   2141 |      0 |    289 |      0 |   1 | 2141.0 |
       Dungeon |   2141 |   2141 |      0 |    289 |      0 |   1 | 2141.0 |
               +--------+--------+--------+--------+--------+-----+--------+

Top non-repeatable levels by time:
       D: 2141 daAuts
